 Dungeon Crawl Stone Soup version 0.27.0-1-g7a089689b8 (webtiles) character file.

Game seed: 2087873414971920252

235 dipablo the Shield-Bearer (level 6, -12/53 HPs)
             Began as a Gnoll Fighter on Aug 5, 2021.
             Mangled by an ogre (16 damage)
             ... on level 4 of the Dungeon.
             The game lasted 00:05:21 (3523 turns).

dipablo the Shield-Bearer (Gnoll Fighter)           Turns: 3523, Time: 00:05:22

Health: -12/53     AC: 13    Str: 16    XL:     6   Next: 5%
Magic:  8/8        EV:  4    Int:  9    God:
Gold:   174        SH: 10    Dex: 11    Spells: 8/8 levels left

rFire    . . .     SeeInvis .   n - +2 dagger (holy)
rCold    . . .     Faith    .   c - +0 kite shield
rNeg     . . .     Spirit   .   k - +0 plate armour
rPois    .         Reflect  .   (no helmet)
rElec    .         Harm     .   (no cloak)
rCorr    .         Rampage  .   (no gloves)
Will     .....                  (no boots)
Stlth    ..........             (no amulet)
HPRegen  0.17/turn              (no ring)
MPRegen  0.11/turn              (no ring)

@: mighty
A: fangs 1, strong nose, distributed training
a: no special abilities


You were on level 4 of the Dungeon.
You visited 1 branch of the dungeon, and saw 4 of its levels.

You collected 174 gold pieces.

Inventory:

Hand Weapons
 a - a +0 rapier
 n - a +2 dagger of holy wrath (weapon)
   (You took it off an orc wizard on level 3 of the Dungeon)
Missiles
 f - 71 sling bullets
 i - 28 poisoned darts (quivered)
 l - 30 bolts
 s - 5 javelins
Armour
 c - a +0 kite shield (worn)
 k - a +0 plate armour (worn)
   (You found it on level 2 of the Dungeon)
Scrolls
 b - 2 scrolls of enchant weapon {unknown}
 j - 2 scrolls of identify {unknown}
 m - 2 scrolls of summoning {unknown}
 o - a scroll of fog {unknown}
 p - a scroll of teleportation {unknown}
 q - a scroll of fear {unknown}
 t - a scroll of immolation {unknown}
Potions
 e - 4 potions of curing {unknown}
 g - a potion of mutation {unknown}
 h - a potion of heal wounds {unknown}
 r - a potion of cancellation {unknown}


   Skills:
 + Level 6.7 Fighting
 + Level 4.9 Short Blades
 + Level 1.7 Long Blades
 + Level 1.7 Axes
 + Level 1.7 Maces & Flails
 + Level 1.7 Polearms
 + Level 1.7 Staves
 + Level 1.7 Slings
 + Level 1.7 Bows
 + Level 1.7 Crossbows
 + Level 1.7 Throwing
 + Level 6.7 Armour
 + Level 1.7 Dodging
 + Level 1.7 Stealth
 + Level 6.7 Shields
 + Level 1.7 Unarmed Combat
 + Level 1.7 Spellcasting
 + Level 1.3 Conjurations
 + Level 1.3 Hexes
 + Level 1.3 Summonings
 + Level 1.3 Necromancy
 + Level 1.3 Translocations
 + Level 1.3 Transmutations
 + Level 1.3 Fire Magic
 + Level 1.3 Ice Magic
 + Level 1.3 Air Magic
 + Level 1.3 Earth Magic
 + Level 1.3 Poison Magic
 + Level 2.0 Invocations
 + Level 1.7 Evocations


You had 8 spell levels left.
You didn't know any spells.
Your spell library contained the following spells:

 Spells                   Type           Power      Damage    Failure   Level
 Frozen Ramparts          Ice            6%         1d2       100%        3
 Ice Form                 Ice/Tmut       3%         N/A       100%        4
 Summon Ice Beast         Ice/Summ       3%         N/A       100%        4


Dungeon Overview and Level Annotations

Branches:
Dungeon (4/15)
 Temple: D:4-7

Altars:


Innate Abilities, Weirdness & Mutations

You have very sharp teeth.
Your uncanny sense of smell can sniff out nearby items.
Your experience applies equally to all skills.


Message History

Your shield and plate armour prevent you from hitting the howler monkey.
You block the quokka's attack. You block the howler monkey's attack.
You hit the howler monkey.
The quokka bites you but does no damage.
The howler monkey hits you but does no damage.
You hit the howler monkey but do no damage.
The quokka bites you but does no damage.
You block the howler monkey's attack.
The quokka bites you but does no damage.
You closely miss the howler monkey. You block the howler monkey's attack.
The quokka bites you but does no damage.
Your shield and plate armour prevent you from hitting the howler monkey.
The howler monkey hoots and howls with incredible vigour!
You block the quokka's attack.
You hear an angry hiss.
You hear a shout! x4; You hear an angry hiss.
Your plate armour prevents you from hitting the howler monkey.
You bite the howler monkey, but do no damage.
The howler monkey hits you but does no damage.
The quokka bites you but does no damage.
The howler monkey hits you but does no damage.
You barely miss the howler monkey.
The quokka bites you but does no damage.
You block the howler monkey's attack.
You hit the howler monkey. You bite the howler monkey.
The quokka bites you but does no damage.
The howler monkey hoots and howls with incredible vigour!
You hear an angry hiss.
You hear a shout!
You hit the howler monkey. You block the quokka's attack.
The howler monkey hoots and howls with incredible vigour!
The quokka closely misses you.
You hit the howler monkey.
You kill the howler monkey!
The quokka bites you but does no damage.
The quokka bites you but does no damage.
You completely miss the quokka. You block the quokka's attack.
You hit the quokka.
The quokka bites you but does no damage.
An iguana comes into view.
You hit the quokka.
You kill the quokka!
You see here a quokka corpse.
You see here a quokka corpse.
An ogre comes into view. It is wielding a +0 giant club.
The ogre shouts!
The iguana bites you.
You hit the iguana.
The iguana hisses menacingly.
You block the iguana's attack.
A goblin comes into view. It is wielding a +0 dagger.
The iguana bites you but does no damage.
The iguana bites you but does no damage.
You block the iguana's attack.
The iguana hisses menacingly.
You see here a jackal skeleton.
You block the iguana's attack.
There is a stone staircase leading up here.
You block the iguana's attack.
You climb upwards.
There is a stone staircase leading down here.
You hit the iguana but do no damage.
The iguana bites you but does no damage.
You hit the iguana.
The iguana bites you but does no damage.
You hit the iguana. You block the iguana's attack.
You hit the iguana but do no damage. The iguana bites you.
You closely miss the iguana. You bite the iguana, but do no damage.
The iguana bites you but does no damage.
You closely miss the iguana. You block the iguana's attack.
You hit the iguana. The iguana bites you!
You hit the iguana. You bite the iguana, but do no damage. You hit the iguana.
The iguana bites you but does no damage.
You hit the iguana but do no damage. You block the iguana's attack.
You closely miss the iguana.
The iguana bites you but does no damage.
You hit the iguana.
The iguana bites you but does no damage.
Your plate armour prevents you from hitting the iguana.
The iguana barely misses you.
You closely miss the iguana. You block the iguana's attack.
You closely miss the iguana. You bite the iguana, but do no damage.
The iguana bites you but does no damage.
You hit the iguana. You block the iguana's attack.
You barely miss the iguana. You bite the iguana.
You kill the iguana!
Your Invocations skill increases to level 2!
You have reached level 6!
Your experience leads to an increase in your attributes!
Increase (s)trength, (i)ntelligence, or (d)exterity?
You feel clever.
You start resting.
You feel very mighty all of a sudden.
You climb downwards.
The ogre hits you with a +0 giant club!!
There is a stone staircase leading up, spattered with blood here.
You puncture the ogre!
The ogre hits you with a +0 giant club!!
* * * LOW HITPOINT WARNING * * *
You hit the ogre. The ogre hits you with a +0 giant club!
You die...

..#.###.#..........#.#
#.#.# #.#÷######.#.#.#
#.#.# #.#.÷....#.#.#.#
#.#.# #.#....#.#.#.#.#
#.#.# #.#.##.#.#.#.#.#
#.#.# #.#......#.#.#.#
#.#.# #.#.#g.O..g#.#.#
#.#.#
#.########O#.#.##
#.#.#
#.........@#....#
).#.#
##########.######
###.# ..[......# #.#
########## #.# #.# #.#
#.# #.# #.# #.. #.#
#.# ####### #.#


You could see an ogre and a goblin.

Vanquished Creatures
  A howler monkey (D:4)
  An iguana (D:3)
  2 orc wizards (D:3)
  A gnoll (D:3)
  3 adders (D:2)
  An adder skeleton (D:4)
  4 worms
  A dart slug (D:2)
  3 orcs (D:3)
  7 ball pythons
  5 endoplasms
  3 giant cockroaches
  4 goblins
  2 hobgoblins (D:2)
  4 jackals
  4 quokkas
  4 bats
  4 frilled lizards
  3 kobolds
  12 rats
69 creatures vanquished.

Vanquished Creatures (others)
  A plant (D:2)
1 creature vanquished.

Grand Total: 70 creatures vanquished

Notes
Turn   | Place    | Note
-------+----------+-------------------------------------------
     0 | D:1      | dipablo the Gnoll Fighter began the quest for the Orb.
     0 | D:1      | Reached XP level 1. HP: 23/23 MP: 1/1
   365 | D:1      | Found a faded altar of an unknown god.
   380 | D:1      | Reached XP level 2. HP: 27/29 MP: 2/2
  1165 | D:2      | Reached XP level 3. HP: 35/35 MP: 3/3
  1484 | D:2      | Reached skill level 1 in Invocations
  1642 | D:2      | Reached skill level 1 in Long Blades
  1642 | D:2      | Reached skill level 1 in Axes
  1642 | D:2      | Reached skill level 1 in Maces & Flails
  1642 | D:2      | Reached skill level 1 in Polearms
  1642 | D:2      | Reached skill level 1 in Staves
  1642 | D:2      | Reached skill level 1 in Slings
  1642 | D:2      | Reached skill level 1 in Bows
  1642 | D:2      | Reached skill level 1 in Crossbows
  1642 | D:2      | Reached skill level 1 in Throwing
  1642 | D:2      | Reached skill level 1 in Dodging
  1642 | D:2      | Reached skill level 1 in Stealth
  1642 | D:2      | Reached skill level 1 in Unarmed Combat
  1642 | D:2      | Reached skill level 1 in Spellcasting
  1642 | D:2      | Reached skill level 1 in Evocations
  1749 | D:2      | Reached XP level 4. HP: 30/41 MP: 5/5
  2090 | D:3      | Reached skill level 1 in Conjurations
  2090 | D:3      | Reached skill level 1 in Hexes
  2090 | D:3      | Reached skill level 1 in Summonings
  2090 | D:3      | Reached skill level 1 in Necromancy
  2090 | D:3      | Reached skill level 1 in Translocations
  2090 | D:3      | Reached skill level 1 in Transmutations
  2090 | D:3      | Reached skill level 1 in Fire Magic
  2090 | D:3      | Reached skill level 1 in Ice Magic
  2090 | D:3      | Reached skill level 1 in Air Magic
  2090 | D:3      | Reached skill level 1 in Earth Magic
  2090 | D:3      | Reached skill level 1 in Poison Magic
  2119 | D:3      | Reached XP level 5. HP: 24/47 MP: 5/7
  3351 | D:4      | Noticed an ogre
  3422 | D:3      | Reached skill level 2 in Invocations
  3422 | D:3      | Reached XP level 6. HP: 36/53 MP: 8/8
  3522 | D:4      | HP: 4/53 [ogre (23)]
  3523 | D:4      | Mangled by an ogre

Illustrated notes

Levels and vault maps discovered:
D:1:      wander_arrival_lonely_grave, layout_basic,
          chequers_ecumenical_altar_simple
D:2:      layout_basic, serial_bayou_pond_b, minmay_indecisive_spiral
D:3:      layout_rooms, minmay_distorted
D:4:      layout_basic, doesnt_xom_only_xom, uniq_robin, uniq_natasha

Skill      XL: |  1  2  3  4  5 |
---------------+----------------+-----
Invocations    | 1 2 |  2.0
Long Blades    | 1 |  1.7
Axes           | 1 |  1.7
Maces & Flails | 1 |  1.7
Polearms       | 1 |  1.7
Staves         | 1 |  1.7
Slings         | 1 |  1.7
Bows           | 1 |  1.7
Crossbows      | 1 |  1.7
Throwing       | 1 |  1.7
Dodging        | 1 |  1.7
Stealth        | 1 |  1.7
Unarmed Combat | 1 |  1.7
Spellcasting   | 1 |  1.7
Evocations     | 1 |  1.7
Conjurations   | 1 |  1.3
Hexes          | 1 |  1.3
Summonings     | 1 |  1.3
Necromancy     | 1 |  1.3
Translocations | 1 |  1.3
Transmutations | 1 |  1.3
Fire Magic     | 1 |  1.3
Ice Magic      | 1 |  1.3
Air Magic      | 1 |  1.3
Earth Magic    | 1 |  1.3
Poison Magic   | 1 |  1.3
Fighting       | |  6.7
Short Blades   | |  4.9
Armour         | |  6.7
Shields        | |  6.7

Action                   |  1- 3 |  4- 6 || total
-------------------------+-------+-------++-------
Melee: Rapier            |   126 |    64 ||   190
       Bite              |    12 |    21 ||    33
       Dagger            |       |   128 ||   128
  Use: Potion            |       |     1 ||     1
Armor: Scale mail        |    22 |       ||    22
       Plate armour      |    28 |   102 ||   130
Dodge: Dodged            |    22 |    18 ||    40
Block: Kite shield       |    61 |   101 ||   162

Table legend: (Time is in decaauts)
 A = Elapsed time spent in this place.
 B = Non-inter-level travel time spent in this place.
 C = Inter-level travel time spent in this place.
 D = Time resting spent in this place.
 E = Time spent auto-exploring this place.
 F = Levels seen in this place.
 G = Mean time per level.
                   A        B        C        D        E       F      G
               +--------+--------+--------+--------+--------+-----+--------+
         Total |   3544 |   3416 |    128 |     97 |   2689 |   4 |  886.0 |
       Dungeon |   3544 |   3416 |    128 |     97 |   2689 |   4 |  886.0 |
               +--------+--------+--------+--------+--------+-----+--------+

Top non-repeatable levels by time:
     D:2: 1109 daAuts
     D:3: 1043 daAuts
     D:1: 990 daAuts
     D:4: 401 daAuts

Table legend:
 A = Kills in this place as a percentage of kills in entire the game.
 B = Kills by you in this place as a percentage of kills by you in the entire game.
 C = Kills by friends in this place as a percentage of kills by friends in the entire game.
 D = Other kills in this place as a percentage of other kills in the entire game.
 E = Experience gained in this place as a percentage of experience gained in the entire game.
 F = Experience gained in this place divided by the number of levels of this place that you have seen.
                   A       B       C       D       E      F
               +-------+-------+-------+-------+-------+----------------------
         Total | 100.0 | 100.0 |   N/A |   N/A | 100.0 |  84.0
       Dungeon | 100.0 | 100.0 |   N/A |   N/A | 100.0 |  84.0
               +-------+-------+-------+-------+-------+----------------------
